 Dungeon Crawl Stone Soup version 0.31-a0-234-gad7ace16ef (webtiles) character file.

Game seed: 16641003188349824714

63 qw the Shooter (level 4, 0/26 HPs)
             Began as a Gargoyle Hexslinger on July 9, 2023.
             Slain by a gnoll
             ... wielding a +0 spear
              (5 damage)
             ... on level 2 of the Dungeon.
             The game lasted 00:00:37 (1225 turns).

qw the Shooter (Gargoyle Hexslinger)                Turns: 1225, Time: 00:00:38

Health: 0/26       AC:  9    Str: 12    XL:     4   Next: 10%
Magic:  5/5        EV: 10    Int: 13    God:
Gold:   85         SH:  0    Dex: 14    Spells: 4/5 levels left

rFire   . . .        Y - +2 sling
rCold   . . .        (no shield)
rNeg    + . .        d - +0 ring mail
rPois   inf          (no helmet)
rElec   +            (no cloak)
rCorr   .            (no gloves)
SInv    .            i - +0 pair of boots
Will    .....        (no amulet)
Stlth   +            (no ring)
HPRegen 0.24/turn    (no ring)
MPRegen 0.09/turn

%: no passive effects
@: no status effects
A: sickness immunity, AC +3, negative energy resistance 1, electricity
resistance, torment resistance 1, petrification resistance
a: no special abilities


You were on level 2 of the Dungeon.
You visited 1 branch of the dungeon, and saw 2 of its levels.

You collected 85 gold pieces.


Innate Abilities, Weirdness & Mutations

You are immune to sickness and miasma.
Your stone body is resilient. (AC +3)
You are immune to poison.
You resist negative energy. (rN+)
You are resistant to electric shocks. (rElec)
You are resistant to unholy torment.
You are immune to petrification.


   Skills:
 - Level 2.0 Fighting
 + Level 3.7 Ranged Weapons
 - Level 1.0 Armour
 - Level 1.5 Dodging
 - Level 1.0 Spellcasting
 - Level 2.6 Hexes


You had 4 spell levels left.
You knew the following spells:

 Your Spells              Type           Power      Damage    Failure   Level
a - Slow                  Hex            28%        N/A       22%         1

Your spell library contained the following spells:

 Spells                   Type           Power      Damage    Failure   Level
 Inner Flame              Hex/Fire       4%         N/A       73%         3
 Portal Projectile        Hex/Tloc       8%         N/A       73%         3
 Cause Fear               Hex            3%         N/A       91%         4

Inventory:

Hand Weapons
 Y - a +2 sling (weapon)
Armour
 a - the +1 leather armour of the Boiling Point {rN+ Will- Slay+2}
   (You found it on level 2 of the Dungeon)

   Slay:      It affects your accuracy & damage with ranged weapons and melee
   (+2).
   rN:        It protects you from negative energy.
   Will:      It decreases your willpower.
 d - a +0 ring mail (worn)
 i - a +0 pair of boots (worn)
Jewellery
 e - a +6 ring of intelligence
Scrolls
 c - 2 scrolls of identify {unknown}
Potions
 b - a potion of enlightenment {unknown}
 h - 2 potions of curing {unknown}

Dungeon Overview and Level Annotations

Branches:
Dungeon (2/15)

Altars:


Message History

Enter note: You shoot a sling bullet.
The sling bullet hits the gnoll!
The gnoll is heavily wounded.
A gnoll comes into view. It is wielding a +0 flail.
1214 ||| Stepping ~*~*~tactically~*~*~ (outnumbered).
1216 ||| Stepping ~*~*~tactically~*~*~ (outnumbered).
The gnoll hits you with a +0 spear.
You shoot a sling bullet.
The sling bullet barely misses the gnoll.
The gnoll hits you but does no damage.
A gnoll comes into view. It is wielding a +0 club.
You shoot a sling bullet. The gnoll shouts!
The sling bullet hits the gnoll.
The gnoll is moderately wounded.
The gnoll hits you from afar with a +0 spear.
You shoot a sling bullet.
The sling bullet closely misses the gnoll.
The gnoll hits you with a +0 flail. The gnoll hits you but does no damage.
You shoot a sling bullet. The sling bullet hits the gnoll.
The gnoll is severely wounded.
The gnoll hits you but does no damage.
The gnoll hits you from afar with a +0 spear.
The gnoll closely misses you. The gnoll barely misses you.
You shoot a sling bullet.
The sling bullet hits the gnoll but does no damage.
The gnoll is severely wounded.
The gnoll hits you with a +0 flail! The gnoll hits you but does no damage.
You shoot a sling bullet. The sling bullet hits the gnoll.
You kill the gnoll!
The gnoll completely misses you.
You have reached level 4!
You feel stronger.
You shoot a sling bullet. The sling bullet hits the gnoll.
The gnoll is moderately wounded.
The gnoll hits you with a +0 club. The gnoll hits you but does no damage.
You shoot a sling bullet.
The sling bullet barely misses the gnoll.
The gnoll hits you but does no damage.
The gnoll hits you from afar with a +0 spear.
You die...

#.#.# #.#.#.#####
#.#.#...$.# #.#.#.....#.
#############.#.#.......
...........>....#.....
.##########.#...#g..
.#......###.#...#g###.P7
.........##.#...@.....7
.........##.#.......$...
.........##.#.###.####..
.........##.#.# .#
.........##...# .#
......)..# ##.. .# ###
.#.####.#####.. .. #..
.#.# ##........####
##### #..
.#.###..PPP.7....# ...#
#..


You could see 2 gnolls.

Vanquished Creatures
  An adder (D:2)
  A gnoll (D:2)
  2 dart slugs (D:1)
  3 ball pythons
  4 endoplasms
  2 giant cockroaches (D:1)
  5 goblins
  6 hobgoblins
  4 kobolds (D:2)
  3 quokkas
  2 frilled lizards
  5 rats (D:1)
38 creatures vanquished.

Notes
Turn   | Place    | Note
-------+----------+-------------------------------------------
     0 | D:1      | qw the Gargoyle Hexslinger began the quest for the Orb.
     0 | D:1      | Reached XP level 1. HP: 12/12 MP: 2/2
     0 | D:1      | 0 ||| qw: Version: 0.3-a-51-g015441d
     0 | D:1      | 0 ||| qw: Game counter: 4324
     0 | D:1      | 0 ||| qw: Melee chars always use a shield: true
     0 | D:1      | 0 ||| qw: God list: Okawaru
     0 | D:1      | 0 ||| qw: Allow faded altars: false
     0 | D:1      | 0 ||| qw: Do Orc after clearing Dungeon:15 true
     0 | D:1      | 0 ||| qw: Do second Lair branch before Depths: true
     0 | D:1      | 0 ||| qw: Lair rune preference: random
     0 | D:1      | 0 ||| qw: Goals: Normal
     0 | D:1      | 0 ||| PLANNING D:1-11
    81 | D:1      | Reached XP level 2. HP: 16/16 MP: 3/3
   136 | D:1      | Reached skill level 3 in Ranged Weapons
   157 | D:1      | 157 ||| FLEEEEING.
   351 | D:1      | Reached XP level 3. HP: 21/21 MP: 4/4
   609 | D:1      | 609 ||| UPGRADING to +0 ring mail.
   619 | D:1      | 619 ||| DROPPING +0 robe.
   620 | D:1      | 620 ||| UPGRADING to +0 pair of boots.
   625 | D:1      | 625 ||| READING scroll labelled ZIZEWEACSU.
   626 | D:1      | 626 ||| READING scroll labelled YKADAM ZETERR.
   627 | D:1      | 627 ||| READING scroll labelled FAPIOJ EGEMOLA.
   628 | D:1      | 628 ||| READING 2 scrolls labelled NIVUD LIMEICK.
   629 | D:1      | 629 ||| DROPPING scroll of poison.
   630 | D:1      | 630 ||| DROPPING scroll of blinking.
   668 | D:2      | Reached skill level 1 in Armour
   697 | D:2      | Identified the +1 leather armour of the Boiling Point {rN+
                  | Will- Slay+2}
   877 | D:2      | 877 ||| FLEEEEING.
   878 | D:2      | 878 ||| FLEEEEING.
   879 | D:2      | 879 ||| FLEEEEING.
   880 | D:2      | 880 ||| FLEEEEING.
   881 | D:2      | 881 ||| FLEEEEING.
   882 | D:2      | 882 ||| FLEEEEING.
  1214 | D:2      | 1214 ||| Stepping ~*~*~tactically~*~*~ (outnumbered).
  1216 | D:2      | 1216 ||| Stepping ~*~*~tactically~*~*~ (outnumbered).
  1224 | D:2      | Reached XP level 4. HP: 8/26 MP: 5/5
  1224 | D:2      | HP: 4/26 [gnoll/+0 club (4)]
  1225 | D:2      | Slain by a gnoll

Levels and vault maps discovered:
D:1:      saegor_arrival_simple_d, layout_basic
D:2:      layout_basic, serial_forest, infiniplex_forest_clump_medium,
          infiniplex_forest_clump_curved, infiniplex_forest_straight_4,
          infiniplex_forest_straight_4, infiniplex_forest_join,
          infiniplex_forest_end_1, infiniplex_forest_straight_1

Skill      XL: |  1  2  3 |
---------------+----------+-----
Ranged Weapons | 3 |  3.7
Fighting       | 2 |  2.0
Armour         | 1 |  1.0
Dodging        | |  1.5
Spellcasting   | |  1.0
Hexes          | |  2.6

Action                     |  1- 3 |  4- 6 || total
---------------------------+-------+-------++-------
   Fire: Sling             |   139 |     2 ||   141
    Use: Scroll            |     4 |       ||     4
 Armour: Robe              |     3 |       ||     3
         Ring mail         |    20 |     2 ||    22
  Dodge: Dodged            |    36 |       ||    36

Table legend:
 A = Non-vault XP
 B = Vault XP
 C = Vault XP percentage of total XP
 D = Non-vault monster count
 E = Vault monster count
 F = Vault count percentage of total count
                 A         B        C        D         E       F
            +---------+---------+-------+---------+---------+-------
      Total |      91 |       0 |   0.0 |      38 |       0 |   0.0
            +---------+---------+-------+---------+---------+-------
        D:1 |      42 |       0 |   0.0 |      22 |       0 |   0.0
        D:2 |      49 |       0 |   0.0 |      16 |       0 |   0.0
            +---------+---------+-------+---------+---------+-------
